 Dungeon Crawl Stone Soup version 0.31-a0-1074-g0b22e4e0f1 (webtiles) character file.

Game seed: 13439103942942784373

20 monsoonserge the Changeling (level 2, 0/18 HPs)
             Began as an Octopode Shapeshifter on Nov 30, 2023.
             Shot with a sling bullet by a goblin (6 damage)
             ... on level 2 of the Dungeon.
             The game lasted 00:01:42 (927 turns).

monsoonserge the Changeling (Octopode Shapeshifter)  Turns: 927, Time: 00:01:43

Health: 0/18       AC:  1    Str: 13    XL:     2   Next: 79%
Magic:  2/2        EV: 18    Int: 12    God:
Gold:   50         SH:  0    Dex: 11    Spells: 1/1 levels left

rFire   . .          .
                       - Unarmed
rCold   . . .        (no shield)
rNeg    . . .        (helmet currently unavailable)
rPois   .            (no amulet)
rElec   .            d - +5 ring of evasion
rCorr   .            (no ring)
SInv    .            (no ring)
Will    .....        (no ring)
Stlth   ++           (no ring)
HPRegen 0.23/turn    (no ring)
MPRegen 0.08/turn    (no ring)
                     (no ring)

%: no passive effects
@: beast-form
A: beast (slay +2), almost no armour, amphibious, 8 rings, camouflage 1,
gelatinous body 1, (nimble swimmer 1), tentacles
a: Begin Untransformation


You were on level 2 of the Dungeon.
You were a hulking beast.
You visited 1 branch of the dungeon, and saw 2 of its levels.

You collected 50 gold pieces.

Inventory:

Missiles
 i - a throwing net (quivered)
Jewellery
 d - a +5 ring of evasion (left tentacle)
Talismans
 b - a beast talisman
 c - a flux talisman
Scrolls
 e - a scroll of teleportation {unknown}
 g - a scroll of vulnerability {unknown}
 j - a scroll of poison {unknown}
Potions
 a - a potion of lignification
 f - a potion of haste {unknown}
 h - a potion of curing {unknown}


   Skills:
 + Level 1.0 Fighting
 + Level 2.0 Dodging
 + Level 0.8 Stealth
 * Level 3.0 Unarmed Combat
 + Level 3.7 Shapeshifting


You had one spell level left.
You didn't know any spells.
Your spell library was empty.

Dungeon Overview and Level Annotations

Branches:
Dungeon (2/15)

Altars:


Innate Abilities, Weirdness & Mutations

You are a hulking beast.
Your limbs bulge with bestial killing power. (Slay +2)
You cannot wear most types of armour.
You are amphibious.
You can wear up to eight rings at the same time.
Your skin changes colour to match your surroundings (Stealth+).
Your rubbery body absorbs attacks. (AC +1, EV +1)
((You are camouflaged when in or above water. (Stealth+)))
You have tentacles for arms and can constrict up to eight enemies at once.


Message History

Found 2 purple potions.
You see here a scroll labelled YFERAFA YXTOCI.
j - a scroll labelled YFERAFA YXTOCI The dart slug launches a dart at you.
The slug dart hits you. The dart slug launches a dart at you.
The slug dart misses you.
You tentacle-slap the dart slug. You grab the dart slug.
The dart slug is moderately wounded.
You constrict the dart slug. The dart slug launches a dart at you.
The slug dart hits you.
You are too injured to fight recklessly!
You are too injured to fight recklessly!
You are too injured to fight recklessly!
You release your grip on the dart slug.
You see here a +0 robe.
The helpless hobgoblin fails to defend itself.
You tentacle-slap the hobgoblin. You grab the hobgoblin.
The hobgoblin is severely wounded.
You constrict the hobgoblin. The dart slug closely misses you.
The hobgoblin completely misses you.
You tentacle-slap the dart slug. You grab the dart slug.
The dart slug is heavily wounded.
You constrict the dart slug.
You constrict the hobgoblin, but do no damage.
The dart slug bites you.
* * * LOW HITPOINT WARNING * * *
You tentacle-slap the hobgoblin.
You kill the hobgoblin!
You constrict the dart slug, but do no damage.
A goblin comes into view.
It is wielding a +0 dagger and quivering darts of dispersal.
The goblin shouts!
You tentacle-slap the dart slug.
You kill the dart slug!
The goblin throws a dart of dispersal.
The dart of dispersal closely misses you.
The goblin unwields a +0 dagger.
The goblin wields a +0 sling.
The goblin shoots a sling bullet.
The sling bullet hits you.
You die...

### ######.. ....#!####
#.g.....# #..##.#
#.[.#.# ..#.###h..#
##### #...#...#.##.....
...#..##........
##########..........####
#......##.....#..####
#.....<##.....#..#
#.####.##.....#..#####
#.###.....[.......
#...........######


You could see a goblin.

Vanquished Creatures
  A dart slug (D:2)
  An endoplasm (D:1)
  A goblin (D:1)
  3 hobgoblins
  4 jackals (D:1)
  2 kobolds (D:1)
  A ball python (D:1)
  3 frilled lizards (D:1)
16 creatures vanquished.

Notes
Turn   | Place    | Note
-------+----------+-------------------------------------------
     0 | D:1      | monsoonserge the Octopode Shapeshifter began the quest for
                  | the Orb.
     0 | D:1      | Reached XP level 1. HP: 13/13 MP: 1/1
   204 | D:1      | Found a faded altar of an unknown god.
   245 | D:1      | Reached XP level 2. HP: 18/18 MP: 2/2
   927 | D:2      | Shot with a sling bullet by a goblin

Illustrated notes

Levels and vault maps discovered:
D:1:      amcnicky_arrival_abandoned_market, layout_basic,
          ebering_ecumenical_altar_rust, grunt_decor_junction
D:2:      minmay_door_path, layout_loops_ring, grunt_ministairs_14,
          minmay_misc_feat_ornament

Action                     || total
---------------------------++-------
  Melee: Unarmed           ||    39
         Constrict         ||     9
         Tentacles         ||     3
         Punch             ||     2
   Stab: Sleeping          ||     1
 Armour: Skin              ||    11
  Dodge: Dodged            ||    34

Table legend: (Time is in decaauts)
 A = Elapsed time spent in this place.
 B = Non-inter-level travel time spent in this place.
 C = Inter-level travel time spent in this place.
 D = Time resting spent in this place.
 E = Time spent auto-exploring this place.
 F = Levels seen in this place.
 G = Mean time per level.
                   A        B        C        D        E       F      G
               +--------+--------+--------+--------+--------+-----+--------+
         Total |    923 |    903 |     20 |      0 |    730 |   2 |  461.5 |
       Dungeon |    923 |    903 |     20 |      0 |    730 |   2 |  461.5 |
               +--------+--------+--------+--------+--------+-----+--------+

Top non-repeatable levels by time:
     D:1: 891 daAuts
     D:2: 31 daAuts
